SEATTLE Kraken vs ANAHEIM Ducks

Created - 11 avril 2024 at 22:56

Goals
1 2 3 T
SEATTLE Kraken 0 0 1 1
ANAHEIM Ducks 1 1 1 3
Shots
1 2 3 T
SEATTLE Kraken 10 10 6 26
ANAHEIM Ducks 7 19 9 35

1st period

1. ANAHEIM Ducks , Artturi Lehkonen 25 (Elias Lindholm 45, Chandler Stephenson 51) at 11:53

Penalties :
Mark Giordano (ANA) for Slashing (Minor) at 0:43, Jeff Carter (ANA) for Goalie Interference (Minor) at 13:48

2nd period

2. ANAHEIM Ducks , Elias Lindholm 39 (MacKenzie Weegar 49, Artturi Lehkonen 43) at 3:34

Penalties :
Jordan Greenway (SEA) for Slashing (Double Minor) at 6:56, Ryan Pulock (ANA) for Hooking (Minor) at 13:16, Radko Gudas (SEA) for Tripping (Minor) at 15:52

3rd period

3. SEATTLE Kraken , Matty Beniers 29 (Matt Martin 18, Liam O'Brien 10) at 11:16
4. ANAHEIM Ducks , Nathan MacKinnon 35 (Mark Giordano 45, Brayden Point 45) at 14:15

Penalties :
Matt Martin (SEA) for High sticking (Minor) at 4:00, Brayden Point (ANA) for High sticking (Minor) at 7:51

Goalie Stats

Sergei Bobrovsky (SEA), 32 saves from 35 shots - (0,914), L, 17-46-11, 60:00 minutes
Philipp Grubauer (ANA), 25 saves from 26 shots - (0,962), W, 41-28-1, 60:00 minutes

Players Stats for SEATTLE Kraken

Player Name              G  A  P  +/- PIM S  H  SB GA TA FO     MP     PP MP  PK MP  
------------------------------------------------------------------------------------
Arber Xhekaj             0  0  0  -1  0   1  5  1  0  0  0/0    16:40   0:00   0:00 
Brendan Lemieux          0  0  0  -1  0   4  1  0  0  0  5/7    25:03   2:51   4:19 
Givani Smith             0  0  0   0  0   1  0  0  0  0  0/0    13:51   0:00   0:00 
Jake Gardiner            0  0  0  -2  0   2  0  0  0  0  0/0    24:51   3:13   4:14 
Jakub Zboril             0  0  0  -1  0   0  2  0  0  0  0/0    23:23   3:00   3:43 
Joel Hanley              0  0  0   1  0   1  0  0  0  0  0/0    19:00   5:18   3:39 
John Hayden              0  0  0   0  0   0  0  0  0  0  0/1     1:40   0:40   0:16 
Jordan Greenway          0  0  0   0  4   2  1  0  0  0  3/4    16:47   2:51   1:18 
Jordan Gross             0  0  0   1  0   0  3  0  0  0  0/0    14:15   0:22   3:50 
Liam O'Brien             0  1  1  -1  0   1  2  0  0  0  0/1    15:00   0:04   1:15 
Luke Kunin               0  0  0   0  0   1  3  0  0  0  11/18  20:16   2:51   4:50 
Mathieu Olivier          0  0  0   0  0   0  1  0  0  0  2/10   13:51   0:00   0:00 
Matt Martin              0  1  1  -1  2   4  4  0  0  0  0/1    19:11   5:01   1:52 
Matty Beniers            1  0  1  -1  0   5  0  0  0  0  12/23  17:24   5:05   0:00 
Radko Gudas              0  0  0  -2  2   3  3  1  0  0  0/0    21:50   3:59   0:28 
Ryan Kesler              0  0  0  -1  0   0  0  0  0  0  1/2     7:26   0:00   2:04 
Wayne Simmonds           0  0  0   0  0   1  0  0  0  0  0/0    16:10   4:25   0:00 
Zack MacEwen             0  0  0  -1  0   0  0  0  0  0  0/3     5:22   0:00   0:00 

Players Stats for ANAHEIM Ducks

Player Name              G  A  P  +/- PIM S  H  SB GA TA FO     MP     PP MP  PK MP  
------------------------------------------------------------------------------------
Artturi Lehkonen         1  1  2   1  0   4  2  0  0  0  0/1    17:31   3:45   0:08 
Brayden Point            0  1  1   1  2   5  3  0  0  0  11/19  19:38   4:12   0:00 
Brett Pesce              0  0  0   0  0   4  5  1  0  0  0/0    23:36   4:14   4:13 
Chandler Stephenson      0  1  1   1  0   4  1  1  0  0  1/2    22:28   3:45   5:05 
David Kampf              0  0  0   0  0   3  0  0  0  0  5/10    7:28   0:00   2:43 
Derick Brassard          0  0  0   0  0   0  1  0  0  0  1/1     4:45   0:00   0:00 
Elias Lindholm           1  1  2   1  0   6  1  0  0  0  10/21  22:28   3:45   5:05 
Jeff Carter              0  0  0   0  2   0  1  0  0  0  6/11   10:16   0:00   0:00 
Joel Farabee             0  0  0   0  0   2  0  0  0  0  1/1    10:17   0:00   0:00 
Justin Holl              0  0  0   0  0   0  3  0  0  0  0/0    16:06   0:00   3:43 
MacKenzie Weegar         0  1  1   2  0   1  1  3  0  0  0/0    24:01   3:43   3:43 
Mark Giordano            0  1  1   2  2   1  1  2  0  0  0/0    20:25   3:43   0:08 
Nathan MacKinnon         1  0  1   1  0   3  2  0  0  0  1/2    19:39   4:12   0:00 
Nick Paul                0  0  0   0  0   1  2  1  0  0  0/0    13:00   0:00   2:43 
Ryan Lindgren            0  0  0   0  0   0  0  1  0  0  0/0    16:28   0:00   4:05 
Ryan Pulock              0  0  0   0  2   0  2  0  0  0  0/0    19:22   4:14   0:00 
Viktor Arvidsson         0  0  0   1  0   1  0  0  0  0  0/2    19:47   4:12   0:08 
Warren Foegele           0  0  0   0  0   0  0  0  0  0  0/0     4:45   0:00   0:00 

3 Stars

1 - Artturi Lehkonen (ANA)
2 - Elias Lindholm (ANA)
3 - Nathan MacKinnon (ANA)

Power Play

SEATTLE Kraken - 0 on 4 Attempt(s) - 0,00%
ANAHEIM Ducks - 0 on 4 Attempt(s) - 0,00%

Penalty Kill

SEATTLE Kraken - 4 on 4 Attempt(s) - 100,00% - Score 0 goal in Penalty Kill
ANAHEIM Ducks - 4 on 4 Attempt(s) - 100,00% - Score 0 goal in Penalty Kill

Team Stat

SEATTLE Kraken - Hits : 25 - Faceoff Wins : 34 - Blocked Shots : 2 - Penalty Minutes : 8
ANAHEIM Ducks - Hits : 25 - Faceoff Wins : 36 - Blocked Shots : 9 - Penalty Minutes : 8

Official

Referees : Jacob Brenk and Samantha Hiller
Linesman : Jessica Chartrand and Greg Devorski

Game Notes

No Game Note

Finance

Level 1 -- Attendance: 5201 (86,68%) -- Ticket Income $520,100
Level 2 -- Attendance: 3851 (77,02%) -- Ticket Income $231,060
Level 3 -- Attendance: 2000 (100,00%) -- Ticket Income $70,000
Level 4 -- Attendance: 4000 (100,00%) -- Ticket Income $80,000
Luxury Box -- Attendance: 825 (82,50%) -- Ticket Income $165,000
Game was played at the Honda Center.
Total Attendance: 15877 (88,21%)
Total Ticket Income: $1,066,160
Other Income: $266,540
Total Income: $1,332,700

SEATTLE Kraken

5 vs 5 Forward 
   Center                   Left Wing                Right Wing               Time % Phy DF OF 
 1 Luke Kunin               Brendan Lemieux          Jordan Greenway          40     1   2  2  
 2 Matty Beniers            Matt Martin              Liam O'Brien             30     1   2  2  
 3 Zack MacEwen             Ryan Kesler              Brendan Lemieux          20     1   2  2  
 4 Mathieu Olivier          Wayne Simmonds           Givani Smith             10     1   2  2  

5 vs 5 Defense 
   Defense                  Defense                                           Time % Phy DF OF 
 1 Radko Gudas              Jake Gardiner                                     40     1   2  2  
 2 Jakub Zboril             Arber Xhekaj                                      30     1   2  2  
 3 Jordan Gross             Joel Hanley                                       20     1   2  2  
 4 Radko Gudas              Jake Gardiner                                     10     1   2  2  

PowerPlay Forward 
   Center                   Left Wing                Right Wing               Time % Phy DF OF 
 1 Luke Kunin               Brendan Lemieux          Jordan Greenway          60     1   2  2  
 2 Matty Beniers            Matt Martin              Wayne Simmonds           40     1   2  2  

PowerPlay Defense
   Defense                  Defense                                           Time % Phy DF OF 
 1 Radko Gudas              Joel Hanley                                       60     1   2  2  
 2 Jakub Zboril             Jake Gardiner                                     40     1   2  2  

Penalty Kill 4 Players Forward 
   Center                   Wing                     Time % Phy DF OF 
 1 Brendan Lemieux          Luke Kunin               60     1   2  2  
 2 Jordan Greenway          Matt Martin              40     1   2  2  

Penalty Kill 4 Players Defense
   Defense                  Defense                  Time % Phy DF OF 
 1 Jake Gardiner            Jordan Gross             60     1   2  2  
 2 Jakub Zboril             Joel Hanley              40     1   2  2  

Penalty Kill - 3 Players Forward 
   Forward                                           Time % Phy DF OF 
 1 Jordan Greenway                                   60     1   2  2  
 2 Luke Kunin                                        40     1   2  2  

Penalty Kill - 3 Players Defense
   Defense                  Defense                  Time % Phy DF OF 
 1 Radko Gudas              Joel Hanley              60     1   2  2  
 2 Jakub Zboril             Jordan Gross             40     1   2  2  

4 vs 4 Forward 
   Center                   Wing                     Time % Phy DF OF 
 1 Luke Kunin               Jordan Greenway          60     1   2  2  
 2 Brendan Lemieux          Matt Martin              40     1   2  2  

4 vs 4 Defense
   Defense                  Defense                  Time % Phy DF OF 
 1 Joel Hanley              Jake Gardiner            60     1   2  2  
 2 Jakub Zboril             Jordan Gross             40     1   2  2  

Last Minutes Offensive
   Center                   Left Wing                Right Wing               Defense                  Defense                  
   Luke Kunin               Brendan Lemieux          Jordan Greenway          Radko Gudas              Jake Gardiner            

Last Minutes Defensive
   Center                   Left Wing                Right Wing               Defense                  Defense                  
   Luke Kunin               Brendan Lemieux          Jordan Greenway          Radko Gudas              Jake Gardiner            

Goaltenders
Starting : Sergei Bobrovsky         
Backup : Laurent Brossoit         

Extra Forwards
Normal : Jordan Greenway, Brendan Lemieux, Luke Kunin - PP : Luke Kunin, Brendan Lemieux - PK : Luke Kunin
Extra Defensemen
Normal : Jordan Gross, Joel Hanley, Jakub Zboril - PP : Jakub Zboril - PK : Joel Hanley, Jakub Zboril
Penalty Shots
Brendan Lemieux, Luke Kunin, Jordan Greenway, Matt Martin, Wayne Simmonds

Scratches
Carey Price (Healthy)

ANAHEIM Ducks

5 vs 5 Forward 
   Center                   Left Wing                Right Wing               Time % Phy DF OF 
 1 Brayden Point            Viktor Arvidsson         Nathan MacKinnon         35     0   2  3  
 2 Elias Lindholm           Chandler Stephenson      Artturi Lehkonen         35     0   2  3  
 3 Jeff Carter              Nick Paul                Joel Farabee             20     1   2  2  
 4 David Kampf              Derick Brassard          Warren Foegele           10     1   3  1  

5 vs 5 Defense 
   Defense                  Defense                                           Time % Phy DF OF 
 1 Mark Giordano            MacKenzie Weegar                                  40     1   2  2  
 2 Ryan Pulock              Brett Pesce                                       35     1   2  2  
 3 Justin Holl              Ryan Lindgren                                     20     2   2  1  
 4 Mark Giordano            MacKenzie Weegar                                  5      2   2  1  

PowerPlay Forward 
   Center                   Left Wing                Right Wing               Time % Phy DF OF 
 1 Brayden Point            Viktor Arvidsson         Nathan MacKinnon         60     0   1  4  
 2 Elias Lindholm           Chandler Stephenson      Artturi Lehkonen         40     0   1  4  

PowerPlay Defense
   Defense                  Defense                                           Time % Phy DF OF 
 1 Mark Giordano            MacKenzie Weegar                                  60     0   1  4  
 2 Ryan Pulock              Brett Pesce                                       40     0   1  4  

Penalty Kill 4 Players Forward 
   Center                   Wing                     Time % Phy DF OF 
 1 Elias Lindholm           Chandler Stephenson      60     1   3  1  
 2 David Kampf              Nick Paul                40     1   3  1  

Penalty Kill 4 Players Defense
   Defense                  Defense                  Time % Phy DF OF 
 1 Brett Pesce              Ryan Lindgren            60     1   3  1  
 2 Justin Holl              MacKenzie Weegar         40     1   3  1  

Penalty Kill - 3 Players Forward 
   Forward                                           Time % Phy DF OF 
 1 Chandler Stephenson                               60     1   4  0  
 2 David Kampf                                       40     1   4  0  

Penalty Kill - 3 Players Defense
   Defense                  Defense                  Time % Phy DF OF 
 1 Brett Pesce              Ryan Lindgren            60     1   4  0  
 2 Justin Holl              MacKenzie Weegar         40     1   4  0  

4 vs 4 Forward 
   Center                   Wing                     Time % Phy DF OF 
 1 Elias Lindholm           Nathan MacKinnon         60     1   2  2  
 2 Chandler Stephenson      Brayden Point            40     1   2  2  

4 vs 4 Defense
   Defense                  Defense                  Time % Phy DF OF 
 1 Mark Giordano            MacKenzie Weegar         60     1   2  2  
 2 Ryan Pulock              Brett Pesce              40     1   2  2  

Last Minutes Offensive
   Center                   Left Wing                Right Wing               Defense                  Defense                  
   Elias Lindholm           Nathan MacKinnon         Brayden Point            Mark Giordano            MacKenzie Weegar         

Last Minutes Defensive
   Center                   Left Wing                Right Wing               Defense                  Defense                  
   Elias Lindholm           Chandler Stephenson      Artturi Lehkonen         Brett Pesce              Ryan Lindgren            

Goaltenders
Starting : Philipp Grubauer         
Backup : Brian Elliott            

Extra Forwards
Normal : Viktor Arvidsson, Artturi Lehkonen, Jeff Carter - PP : Viktor Arvidsson, Artturi Lehkonen - PK : Viktor Arvidsson
Extra Defensemen
Normal : Brett Pesce, Justin Holl, Ryan Lindgren - PP : Brett Pesce - PK : Brett Pesce, Justin Holl
Penalty Shots
Nathan MacKinnon, Elias Lindholm, Brayden Point, Chandler Stephenson, Viktor Arvidsson

Scratches
Nic Dowd (Healthy), Patrick Maroon (Healthy)

% Time on Ice - SEATTLE Kraken

Lines # - Real PCT - Wanted PCT - Time Play
Normal Forward
1 - 29% - 40% - 12:35
2 - 28% - 30% - 12:19
3 - 12% - 20% - 5:22
4 - 31% - 10% - 13:51
Normal Defense
1 - 37% - 40% - 16:19
2 - 38% - 30% - 16:40
3 - 23% - 20% - 10:03
4 - 2% - 10% - 1:05
PP Forward
1 - 36% - 60% - 2:51
2 - 64% - 40% - 5:05
PP Defense
1 - 59% - 60% - 4:39
2 - 41% - 40% - 3:17
PK Forward
1 - 66% - 60% - 5:15
2 - 34% - 40% - 2:42
PK Defense
1 - 62% - 60% - 4:58
2 - 38% - 40% - 2:59
PK3 Forward
1 - 0% - 60%
2 - 0% - 40%
PK3 Defense
1 - 0% - 60%
2 - 0% - 40%
44 Forward
1 - 0% - 60%
2 - 0% - 40%
44 Defense
1 - 0% - 60%
2 - 0% - 40%
Last Minute Offensive  - 0:00
Last Minute Defensive  - 0:00
Total
Forward - 60:00
Defense - 60:00

% Time on Ice - ANAHEIM Ducks

Lines # - Real PCT - Wanted PCT - Time Play
Normal Forward
1 - 35% - 35% - 15:27
2 - 31% - 35% - 13:38
3 - 23% - 20% - 10:17
4 - 11% - 10% - 4:45
Normal Defense
1 - 38% - 40% - 16:35
2 - 34% - 35% - 15:09
3 - 28% - 20% - 12:23
4 - 0% - 5% - 0:00
PP Forward
1 - 53% - 60% - 4:12
2 - 47% - 40% - 3:45
PP Defense
1 - 47% - 60% - 3:43
2 - 53% - 40% - 4:14
PK Forward
1 - 66% - 60% - 5:13
2 - 34% - 40% - 2:43
PK Defense
1 - 53% - 60% - 4:13
2 - 47% - 40% - 3:43
PK3 Forward
1 - 0% - 60%
2 - 0% - 40%
PK3 Defense
1 - 0% - 60%
2 - 0% - 40%
44 Forward
1 - 0% - 60%
2 - 0% - 40%
44 Defense
1 - 0% - 60%
2 - 0% - 40%
Last Minute Offensive  - 0:00
Last Minute Defensive  - 0:00
Total
Forward - 60:00
Defense - 60:00

Play-by-Play

1st period


0:01 of 1st period - Luke Kunin wins face-off versus Brayden Point in neutral zone.
0:04 of 1st period - Shot by Jordan Greenway.
0:04 of 1st period - Deflect By Luke Kunin.
0:04 of 1st period - Shot Misses the Net.
0:06 of 1st period - Shot by Brendan Lemieux.
0:06 of 1st period - Shot Misses the Net.
0:08 of 1st period - Shot by Luke Kunin.
0:08 of 1st period - Shot Misses the Net.
0:10 of 1st period - Shot by Brendan Lemieux.
0:10 of 1st period - Deflect By Jordan Greenway.
0:10 of 1st period - Shot Blocked by MacKenzie Weegar.
0:12 of 1st period - Shot by Radko Gudas.
0:12 of 1st period - Stopped by Philipp Grubauer with a rebound.
0:14 of 1st period - Shot by Jordan Greenway.
0:14 of 1st period - Shot Blocked by Mark Giordano.
0:16 of 1st period - Shot by Brendan Lemieux.
0:16 of 1st period - Shot Misses the Net.
0:43 of 1st period - Minor Penalty to Mark Giordano for Slashing.
0:44 of 1st period - Elias Lindholm wins face-off versus Matty Beniers in ANAHEIM Ducks zone.
0:57 of 1st period - Shot by Joel Hanley.
0:57 of 1st period - Shot Misses the Net.
0:59 of 1st period - Shot by Joel Hanley.
0:59 of 1st period - Stopped by Philipp Grubauer without a rebound.
1:00 of 1st period - David Kampf wins face-off versus Matty Beniers in ANAHEIM Ducks zone.
1:35 of 1st period - Shot by Matt Martin.
1:35 of 1st period - Stopped by Philipp Grubauer with a rebound.
2:03 of 1st period - MacKenzie Weegar is hit by Luke Kunin.
2:13 of 1st period - Shot by Radko Gudas.
2:13 of 1st period - Shot Misses the Net.
2:15 of 1st period - Shot by Joel Hanley.
2:15 of 1st period - Shot Blocked by MacKenzie Weegar.
2:17 of 1st period - Shot by Jordan Greenway.
2:17 of 1st period - Stopped by Philipp Grubauer without a rebound.
2:18 of 1st period - Matty Beniers wins face-off versus David Kampf in ANAHEIM Ducks zone.
2:35 of 1st period - Shot by Matty Beniers.
2:35 of 1st period - Stopped by Philipp Grubauer without a rebound.
2:36 of 1st period - Luke Kunin wins face-off versus Elias Lindholm in ANAHEIM Ducks zone.
3:03 of 1st period - Shot by Brendan Lemieux.
3:03 of 1st period - Stopped by Philipp Grubauer without a rebound.
3:04 of 1st period - Jeff Carter wins face-off versus Matty Beniers in ANAHEIM Ducks zone.
3:09 of 1st period - Jordan Gross is hit by Jeff Carter and loses puck.
3:26 of 1st period - Icing by Jeff Carter.
3:27 of 1st period - Mathieu Olivier wins face-off versus Jeff Carter in ANAHEIM Ducks zone.
4:06 of 1st period - Shot by Wayne Simmonds.
4:06 of 1st period - Deflect By Givani Smith.
4:06 of 1st period - Shot Misses the Net.
4:08 of 1st period - Shot by Jake Gardiner.
4:08 of 1st period - Shot Blocked by Mark Giordano.
4:15 of 1st period - Icing by Joel Farabee.
4:16 of 1st period - Jeff Carter wins face-off versus Luke Kunin in ANAHEIM Ducks zone.
4:16 of 1st period - MacKenzie Weegar is hit by Jordan Greenway and loses puck.
5:46 of 1st period - Shot by Brayden Point.
5:46 of 1st period - Stopped by Sergei Bobrovsky with a rebound.
6:01 of 1st period - Jordan Gross is hit by Justin Holl and loses puck.
6:11 of 1st period - Ryan Lindgren is hit by Jordan Gross and loses puck.
6:45 of 1st period - Icing by Mathieu Olivier.
6:46 of 1st period - Mathieu Olivier wins face-off versus Elias Lindholm in SEATTLE Kraken zone.
6:46 of 1st period - Jake Gardiner is hit by Chandler Stephenson and loses puck.
7:19 of 1st period - Shot by Chandler Stephenson.
7:19 of 1st period - Shot Misses the Net.
7:51 of 1st period - Shot by David Kampf.
7:51 of 1st period - Stopped by Sergei Bobrovsky without a rebound.
7:52 of 1st period - Matty Beniers wins face-off versus Jeff Carter in SEATTLE Kraken zone.
8:07 of 1st period - Shot by Nick Paul.
8:07 of 1st period - Stopped by Sergei Bobrovsky with a rebound.
8:12 of 1st period - Icing by Matt Martin.
8:13 of 1st period - David Kampf wins face-off versus Matty Beniers in SEATTLE Kraken zone.
8:34 of 1st period - Shot by David Kampf.
8:34 of 1st period - Stopped by Sergei Bobrovsky without a rebound.
8:35 of 1st period - Luke Kunin wins face-off versus Elias Lindholm in SEATTLE Kraken zone.
8:57 of 1st period - Brendan Lemieux is hit by Brett Pesce and loses puck.
9:53 of 1st period - Shot by Arber Xhekaj.
9:53 of 1st period - Stopped by Philipp Grubauer without a rebound.
9:54 of 1st period - David Kampf wins face-off versus Mathieu Olivier in ANAHEIM Ducks zone.
10:27 of 1st period - Shot by Warren Foegele.
10:27 of 1st period - Shot Misses the Net.
10:32 of 1st period - Off-side.
10:33 of 1st period - Matty Beniers wins face-off versus Brayden Point in neutral zone.
10:51 of 1st period - Nathan MacKinnon is hit by Arber Xhekaj and loses puck.
11:01 of 1st period - Brayden Point is hit by Arber Xhekaj and loses puck.
11:11 of 1st period - Icing by Jakub Zboril.
11:12 of 1st period - Matty Beniers wins face-off versus Elias Lindholm in SEATTLE Kraken zone.
11:51 of 1st period - Shot by Elias Lindholm.
11:51 of 1st period - Shot Blocked by Arber Xhekaj.
11:53 of 1st period - Shot by Elias Lindholm.
11:53 of 1st period - Deflect By Artturi Lehkonen.
11:53 of 1st period - Goal by Artturi Lehkonen - SEATTLE Kraken : 0 - ANAHEIM Ducks : 1.
11:54 of 1st period - Brayden Point wins face-off versus Zack MacEwen in neutral zone.
11:57 of 1st period - Shot by Nathan MacKinnon.
11:57 of 1st period - Shot Misses the Net.
11:59 of 1st period - Shot by Brayden Point.
11:59 of 1st period - Stopped by Sergei Bobrovsky without a rebound.
12:00 of 1st period - Luke Kunin wins face-off versus Viktor Arvidsson in SEATTLE Kraken zone.
12:25 of 1st period - Shot by Brayden Point.
12:25 of 1st period - Shot Misses the Net.
12:43 of 1st period - Jordan Greenway is hit by Nathan MacKinnon and loses puck.
12:55 of 1st period - Icing by Radko Gudas.
12:56 of 1st period - Luke Kunin wins face-off versus Elias Lindholm in SEATTLE Kraken zone.
13:30 of 1st period - Ryan Pulock is hit by Luke Kunin and loses puck.
13:48 of 1st period - Minor Penalty to Jeff Carter for Goalie Interference.
13:49 of 1st period - Matty Beniers wins face-off versus David Kampf in ANAHEIM Ducks zone.
14:26 of 1st period - Shot by Matt Martin.
14:26 of 1st period - Stopped by Philipp Grubauer with a rebound.
14:28 of 1st period - Shot by Matty Beniers.
14:28 of 1st period - Stopped by Philipp Grubauer without a rebound.
14:29 of 1st period - Matty Beniers wins face-off versus David Kampf in ANAHEIM Ducks zone.
14:29 of 1st period - Matty Beniers is hit by Justin Holl.
14:31 of 1st period - Shot by Radko Gudas.
14:31 of 1st period - Stopped by Philipp Grubauer without a rebound.
14:32 of 1st period - David Kampf wins face-off versus Matty Beniers in ANAHEIM Ducks zone.
14:32 of 1st period - David Kampf is hit by Matt Martin.
14:37 of 1st period - Justin Holl is hit by Jakub Zboril and loses puck.
16:24 of 1st period - Liam O'Brien is hit by Mark Giordano and loses puck.
16:30 of 1st period - Viktor Arvidsson is hit by Arber Xhekaj and loses puck.
16:40 of 1st period - Jakub Zboril is hit by Brett Pesce and loses puck.
16:50 of 1st period - Brett Pesce is hit by Jakub Zboril and loses puck.
17:53 of 1st period - Shot by David Kampf.
17:53 of 1st period - Stopped by Sergei Bobrovsky without a rebound.
17:54 of 1st period - Chandler Stephenson wins face-off versus Zack MacEwen in SEATTLE Kraken zone.
18:31 of 1st period - Elias Lindholm is hit by Brendan Lemieux.
18:32 of 1st period - Off-side.
18:33 of 1st period - Luke Kunin wins face-off versus Brayden Point in neutral zone.
18:47 of 1st period - Shot by Nathan MacKinnon.
18:47 of 1st period - Shot Misses the Net.
19:42 of 1st period - Matty Beniers is hit by Brett Pesce and loses puck.
19:50 of 1st period - Matty Beniers is hit by Brett Pesce and loses puck.
Goals for this period are 0 for SEATTLE Kraken vs 1 for ANAHEIM Ducks.
Shots for this period are 10 for SEATTLE Kraken vs 7 for ANAHEIM Ducks.

2nd period


0:01 of 2nd period - Elias Lindholm wins face-off versus Luke Kunin in neutral zone.
0:12 of 2nd period - Shot by Elias Lindholm.
0:12 of 2nd period - Shot Hit the Post.
0:14 of 2nd period - Shot by MacKenzie Weegar.
0:14 of 2nd period - Shot Blocked by Radko Gudas.
0:16 of 2nd period - Shot by Chandler Stephenson.
0:16 of 2nd period - Stopped by Sergei Bobrovsky with a rebound.
0:26 of 2nd period - Shot by Elias Lindholm.
0:26 of 2nd period - Stopped by Sergei Bobrovsky without a rebound.
0:27 of 2nd period - Brayden Point wins face-off versus Matty Beniers in SEATTLE Kraken zone.
0:27 of 2nd period - Brett Pesce is hit by Jordan Gross and loses puck.
0:36 of 2nd period - Shot by Matt Martin.
0:36 of 2nd period - Stopped by Philipp Grubauer without a rebound.
0:37 of 2nd period - Jeff Carter wins face-off versus Liam O'Brien in ANAHEIM Ducks zone.
0:48 of 2nd period - Arber Xhekaj is hit by Nick Paul and loses puck.
1:51 of 2nd period - Shot by Artturi Lehkonen.
1:51 of 2nd period - Stopped by Sergei Bobrovsky with a rebound.
1:53 of 2nd period - Shot by MacKenzie Weegar.
1:53 of 2nd period - Stopped by Sergei Bobrovsky without a rebound.
1:54 of 2nd period - Brayden Point wins face-off versus Mathieu Olivier in SEATTLE Kraken zone.
2:11 of 2nd period - Wayne Simmonds is hit by Ryan Pulock and loses puck.
3:05 of 2nd period - Elias Lindholm is hit by Radko Gudas and loses puck.
3:13 of 2nd period - Elias Lindholm is hit by Radko Gudas and loses puck.
3:30 of 2nd period - Shot by MacKenzie Weegar.
3:30 of 2nd period - Shot Misses the Net.
3:32 of 2nd period - Shot by MacKenzie Weegar.
3:32 of 2nd period - Shot Misses the Net.
3:34 of 2nd period - Shot by Elias Lindholm.
3:34 of 2nd period - Goal by Elias Lindholm - SEATTLE Kraken : 0 - ANAHEIM Ducks : 2.
3:35 of 2nd period - David Kampf wins face-off versus Matty Beniers in neutral zone.
3:35 of 2nd period - David Kampf is hit by Liam O'Brien.
4:08 of 2nd period - Ryan Lindgren is hit by Arber Xhekaj and loses puck.
4:17 of 2nd period - Shot by Matt Martin.
4:17 of 2nd period - Stopped by Philipp Grubauer without a rebound.
4:18 of 2nd period - Brayden Point wins face-off versus Mathieu Olivier in ANAHEIM Ducks zone.
4:42 of 2nd period - Off-side.
4:43 of 2nd period - Luke Kunin wins face-off versus Elias Lindholm in neutral zone.
4:57 of 2nd period - Brendan Lemieux is hit by Artturi Lehkonen and loses puck.
5:15 of 2nd period - Shot by Jordan Greenway.
5:15 of 2nd period - Stopped by Philipp Grubauer with a rebound.
6:03 of 2nd period - Icing by Matty Beniers.
6:04 of 2nd period - Matty Beniers wins face-off versus Jeff Carter in SEATTLE Kraken zone.
6:21 of 2nd period - Shot by Matty Beniers.
6:21 of 2nd period - Stopped by Philipp Grubauer with a rebound.
6:23 of 2nd period - Shot by Matt Martin.
6:23 of 2nd period - Shot Misses the Net.
6:25 of 2nd period - Shot by Matty Beniers.
6:25 of 2nd period - Stopped by Philipp Grubauer without a rebound.
6:26 of 2nd period - Brayden Point wins face-off versus Mathieu Olivier in ANAHEIM Ducks zone.
6:42 of 2nd period - Shot by Nathan MacKinnon.
6:42 of 2nd period - Shot Misses the Net.
6:44 of 2nd period - Shot by Brett Pesce.
6:44 of 2nd period - Stopped by Sergei Bobrovsky without a rebound.
6:45 of 2nd period - Jeff Carter wins face-off versus Jordan Greenway in SEATTLE Kraken zone.
6:45 of 2nd period - Ryan Lindgren is hit by Radko Gudas and loses puck.
6:56 of 2nd period - Double Minor Penalty to Jordan Greenway for Slashing.
6:57 of 2nd period - Brendan Lemieux wins face-off versus Brayden Point in SEATTLE Kraken zone.
6:57 of 2nd period - Brendan Lemieux is hit by Brayden Point.
7:11 of 2nd period - Shot by Viktor Arvidsson.
7:11 of 2nd period - Shot Misses the Net.
7:13 of 2nd period - Shot by Nathan MacKinnon.
7:13 of 2nd period - Stopped by Sergei Bobrovsky without a rebound.
7:14 of 2nd period - Brendan Lemieux wins face-off versus Elias Lindholm in SEATTLE Kraken zone.
7:54 of 2nd period - Shot by Artturi Lehkonen.
7:54 of 2nd period - Shot Misses the Net.
7:56 of 2nd period - Shot by Elias Lindholm.
7:56 of 2nd period - Stopped by Sergei Bobrovsky with a rebound.
7:58 of 2nd period - Shot by Brett Pesce.
7:58 of 2nd period - Stopped by Sergei Bobrovsky without a rebound.
7:59 of 2nd period - Ryan Kesler wins face-off versus Brayden Point in SEATTLE Kraken zone.
8:40 of 2nd period - Shot by Brayden Point.
8:40 of 2nd period - Shot Misses the Net.
8:42 of 2nd period - Shot by Mark Giordano.
8:42 of 2nd period - Stopped by Sergei Bobrovsky without a rebound.
8:43 of 2nd period - Brendan Lemieux wins face-off versus Elias Lindholm in SEATTLE Kraken zone.
8:43 of 2nd period - Brendan Lemieux is hit by Artturi Lehkonen.
9:08 of 2nd period - Shot by Chandler Stephenson.
9:08 of 2nd period - Stopped by Sergei Bobrovsky with a rebound.
9:10 of 2nd period - Shot by Brett Pesce.
9:10 of 2nd period - Stopped by Sergei Bobrovsky with a rebound.
9:12 of 2nd period - Shot by Elias Lindholm.
9:12 of 2nd period - Stopped by Sergei Bobrovsky without a rebound.
9:13 of 2nd period - Nathan MacKinnon wins face-off versus Ryan Kesler in SEATTLE Kraken zone.
10:35 of 2nd period - Shot by Brett Pesce.
10:35 of 2nd period - Stopped by Sergei Bobrovsky with a rebound.
11:04 of 2nd period - Shot by Nick Paul.
11:04 of 2nd period - Deflect By Joel Farabee.
11:04 of 2nd period - Stopped by Sergei Bobrovsky without a rebound.
11:05 of 2nd period - Joel Farabee wins face-off versus Mathieu Olivier in SEATTLE Kraken zone.
11:05 of 2nd period - Joel Farabee is hit by Arber Xhekaj.
11:41 of 2nd period - Shot by Nick Paul.
11:41 of 2nd period - Shot Misses the Net.
13:04 of 2nd period - Brendan Lemieux is hit by Brett Pesce and loses puck.
13:07 of 2nd period - Shot by Jake Gardiner.
13:07 of 2nd period - Stopped by Philipp Grubauer with a rebound.
13:16 of 2nd period - Minor Penalty to Ryan Pulock for Hooking.
13:17 of 2nd period - Elias Lindholm wins face-off versus Luke Kunin in ANAHEIM Ducks zone.
13:42 of 2nd period - Shot by Jordan Greenway.
13:42 of 2nd period - Deflect By Brendan Lemieux.
13:42 of 2nd period - Stopped by Philipp Grubauer without a rebound.
13:43 of 2nd period - Elias Lindholm wins face-off versus John Hayden in ANAHEIM Ducks zone.
14:14 of 2nd period - Shot by Radko Gudas.
14:14 of 2nd period - Shot Misses the Net.
14:36 of 2nd period - Shot by Jake Gardiner.
14:36 of 2nd period - Stopped by Philipp Grubauer without a rebound.
14:37 of 2nd period - Elias Lindholm wins face-off versus Matt Martin in ANAHEIM Ducks zone.
14:43 of 2nd period - Icing by Matt Martin.
14:44 of 2nd period - Elias Lindholm wins face-off versus Matty Beniers in SEATTLE Kraken zone.
15:25 of 2nd period - Ryan Kesler is hit by Derick Brassard and loses puck.
15:34 of 2nd period - Off-side.
15:35 of 2nd period - Brayden Point wins face-off versus Luke Kunin in neutral zone.
15:37 of 2nd period - Off-side.
15:38 of 2nd period - Luke Kunin wins face-off versus Brayden Point in neutral zone.
15:52 of 2nd period - Minor Penalty to Radko Gudas for Tripping.
15:53 of 2nd period - Elias Lindholm wins face-off versus Brendan Lemieux in SEATTLE Kraken zone.
15:56 of 2nd period - Shot by Elias Lindholm.
15:56 of 2nd period - Stopped by Sergei Bobrovsky without a rebound.
15:57 of 2nd period - Brendan Lemieux wins face-off versus Brayden Point in SEATTLE Kraken zone.
16:30 of 2nd period - Shot by Viktor Arvidsson.
16:30 of 2nd period - Stopped by Sergei Bobrovsky with a rebound.
16:32 of 2nd period - Shot by Brayden Point.
16:32 of 2nd period - Stopped by Sergei Bobrovsky without a rebound.
16:33 of 2nd period - Jordan Greenway wins face-off versus Elias Lindholm in SEATTLE Kraken zone.
16:59 of 2nd period - Shot by Elias Lindholm.
16:59 of 2nd period - Stopped by Sergei Bobrovsky without a rebound.
17:00 of 2nd period - Jordan Greenway wins face-off versus Nathan MacKinnon in SEATTLE Kraken zone.
18:03 of 2nd period - Icing by Ryan Pulock.
18:04 of 2nd period - Matty Beniers wins face-off versus Artturi Lehkonen in ANAHEIM Ducks zone.
18:26 of 2nd period - Matt Martin is hit by Ryan Pulock and loses puck.
19:13 of 2nd period - Shot by Zack MacEwen.
19:13 of 2nd period - Shot Blocked by Nick Paul.
19:15 of 2nd period - Shot by Ryan Kesler.
19:15 of 2nd period - Shot Misses the Net.
19:17 of 2nd period - Shot by Brendan Lemieux.
19:17 of 2nd period - Stopped by Philipp Grubauer with a rebound.
19:19 of 2nd period - Shot by Arber Xhekaj.
19:19 of 2nd period - Shot Blocked by Ryan Lindgren.
19:54 of 2nd period - Shot by Givani Smith.
19:54 of 2nd period - Shot Blocked by MacKenzie Weegar.
19:56 of 2nd period - Shot by Wayne Simmonds.
19:56 of 2nd period - Stopped by Philipp Grubauer with a rebound.
Goals for this period are 0 for SEATTLE Kraken vs 1 for ANAHEIM Ducks.
Shots for this period are 10 for SEATTLE Kraken vs 19 for ANAHEIM Ducks.

3rd period


0:01 of 3rd period - Elias Lindholm wins face-off versus Luke Kunin in neutral zone.
0:01 of 3rd period - MacKenzie Weegar is hit by Luke Kunin and loses puck.
0:10 of 3rd period - Shot by Brendan Lemieux.
0:10 of 3rd period - Shot Misses the Net.
0:55 of 3rd period - MacKenzie Weegar is hit by Liam O'Brien and loses puck.
1:06 of 3rd period - Shot by Matty Beniers.
1:06 of 3rd period - Shot Hit the Post.
1:14 of 3rd period - Shot by Matty Beniers.
1:14 of 3rd period - Shot Blocked by Chandler Stephenson.
1:16 of 3rd period - Shot by Liam O'Brien.
1:16 of 3rd period - Stopped by Philipp Grubauer without a rebound.
1:17 of 3rd period - Brayden Point wins face-off versus Mathieu Olivier in ANAHEIM Ducks zone.
1:51 of 3rd period - Ryan Pulock is hit by Mathieu Olivier and loses puck.
1:58 of 3rd period - Mathieu Olivier is hit by Brayden Point and loses puck.
2:56 of 3rd period - Off-side.
2:57 of 3rd period - Matty Beniers wins face-off versus Jeff Carter in neutral zone.
2:57 of 3rd period - Matty Beniers is hit by Nick Paul.
3:16 of 3rd period - Matty Beniers is hit by MacKenzie Weegar and loses puck.
3:22 of 3rd period - Mark Giordano is hit by Matt Martin and loses puck.
3:46 of 3rd period - Jeff Carter is hit by Matt Martin and loses puck.
4:00 of 3rd period - Minor Penalty to Matt Martin for High sticking.
4:01 of 3rd period - Brayden Point wins face-off versus Brendan Lemieux in SEATTLE Kraken zone.
5:17 of 3rd period - Shot by Chandler Stephenson.
5:17 of 3rd period - Stopped by Sergei Bobrovsky without a rebound.
5:18 of 3rd period - Jordan Greenway wins face-off versus Chandler Stephenson in SEATTLE Kraken zone.
5:33 of 3rd period - Shot by Chandler Stephenson.
5:33 of 3rd period - Shot Misses the Net.
6:21 of 3rd period - Shot by Joel Farabee.
6:21 of 3rd period - Stopped by Sergei Bobrovsky without a rebound.
6:22 of 3rd period - Brendan Lemieux wins face-off versus David Kampf in SEATTLE Kraken zone.
6:51 of 3rd period - Shot by David Kampf.
6:51 of 3rd period - Shot Misses the Net.
6:53 of 3rd period - Shot by MacKenzie Weegar.
6:53 of 3rd period - Shot Misses the Net.
7:51 of 3rd period - Minor Penalty to Brayden Point for High sticking.
7:52 of 3rd period - Elias Lindholm wins face-off versus Matty Beniers in ANAHEIM Ducks zone.
7:52 of 3rd period - Chandler Stephenson is hit by Matt Martin and loses puck.
8:13 of 3rd period - Shot by Matty Beniers.
8:13 of 3rd period - Shot Misses the Net.
8:19 of 3rd period - Shot by Radko Gudas.
8:19 of 3rd period - Stopped by Philipp Grubauer without a rebound.
8:20 of 3rd period - Luke Kunin wins face-off versus Elias Lindholm in ANAHEIM Ducks zone.
8:43 of 3rd period - Shot by Jakub Zboril.
8:43 of 3rd period - Shot Misses the Net.
9:32 of 3rd period - Icing by Radko Gudas.
9:33 of 3rd period - Matty Beniers wins face-off versus David Kampf in SEATTLE Kraken zone.
10:05 of 3rd period - Icing by Zack MacEwen.
10:06 of 3rd period - Jeff Carter wins face-off versus Zack MacEwen in SEATTLE Kraken zone.
11:12 of 3rd period - Shot by Matt Martin.
11:12 of 3rd period - Shot Hit the Post.
11:14 of 3rd period - Shot by Matty Beniers.
11:14 of 3rd period - Deflect By Liam O'Brien.
11:14 of 3rd period - Shot Misses the Net.
11:16 of 3rd period - Shot by Matt Martin.
11:16 of 3rd period - Deflect By Matty Beniers.
11:16 of 3rd period - Goal by Matty Beniers - SEATTLE Kraken : 1 - ANAHEIM Ducks : 2.
11:17 of 3rd period - Brayden Point wins face-off versus Mathieu Olivier in neutral zone.
11:31 of 3rd period - Mathieu Olivier is hit by Justin Holl and loses puck.
11:34 of 3rd period - Shot by Radko Gudas.
11:34 of 3rd period - Shot Misses the Net.
12:31 of 3rd period - Brett Pesce is hit by Jordan Gross and loses puck.
12:48 of 3rd period - Shot by Chandler Stephenson.
12:48 of 3rd period - Shot Misses the Net.
12:53 of 3rd period - Jordan Greenway is hit by Elias Lindholm and loses puck.
13:11 of 3rd period - Shot by Jordan Greenway.
13:11 of 3rd period - Shot Misses the Net.
13:13 of 3rd period - Shot by Jordan Greenway.
13:13 of 3rd period - Shot Misses the Net.
13:15 of 3rd period - Shot by Luke Kunin.
13:15 of 3rd period - Stopped by Philipp Grubauer with a rebound.
13:43 of 3rd period - Shot by Givani Smith.
13:43 of 3rd period - Stopped by Philipp Grubauer without a rebound.
13:44 of 3rd period - Matty Beniers wins face-off versus Brayden Point in ANAHEIM Ducks zone.
13:45 of 3rd period - Shot by Matt Martin.
13:45 of 3rd period - Shot Misses the Net.
14:15 of 3rd period - Shot by Nathan MacKinnon.
14:15 of 3rd period - Goal by Nathan MacKinnon - SEATTLE Kraken : 1 - ANAHEIM Ducks : 3.
14:16 of 3rd period - Jeff Carter wins face-off versus Luke Kunin in neutral zone.
15:23 of 3rd period - Wayne Simmonds is hit by Brayden Point and loses puck.
15:46 of 3rd period - Shot by Nathan MacKinnon.
15:46 of 3rd period - Stopped by Sergei Bobrovsky without a rebound.
15:47 of 3rd period - Derick Brassard wins face-off versus Matty Beniers in SEATTLE Kraken zone.
16:44 of 3rd period - Shot by Artturi Lehkonen.
16:44 of 3rd period - Shot Misses the Net.
16:48 of 3rd period - Shot by Elias Lindholm.
16:48 of 3rd period - Shot Misses the Net.
16:50 of 3rd period - Shot by Justin Holl.
16:50 of 3rd period - Shot Misses the Net.
16:52 of 3rd period - Shot by Elias Lindholm.
16:52 of 3rd period - Deflect By Artturi Lehkonen.
16:52 of 3rd period - Stopped by Sergei Bobrovsky without a rebound.
16:53 of 3rd period - Brayden Point wins face-off versus Mathieu Olivier in SEATTLE Kraken zone.
17:30 of 3rd period - Arber Xhekaj is hit by Nathan MacKinnon and loses puck.
18:05 of 3rd period - Shot by Artturi Lehkonen.
18:05 of 3rd period - Shot Misses the Net.
18:40 of 3rd period - Icing by Joel Hanley.
18:41 of 3rd period - Luke Kunin wins face-off versus Jeff Carter in SEATTLE Kraken zone.
18:48 of 3rd period - Shot by Brendan Lemieux.
18:48 of 3rd period - Stopped by Philipp Grubauer without a rebound.
18:49 of 3rd period - Brayden Point wins face-off versus Matty Beniers in ANAHEIM Ducks zone.
18:54 of 3rd period - Shot by Brayden Point.
18:54 of 3rd period - Stopped by Sergei Bobrovsky without a rebound.
18:55 of 3rd period - Luke Kunin wins face-off versus Viktor Arvidsson in SEATTLE Kraken zone.
19:08 of 3rd period - Shot by Radko Gudas.
19:08 of 3rd period - Shot Blocked by Brett Pesce.
19:27 of 3rd period - Shot by Brayden Point.
19:27 of 3rd period - Stopped by Sergei Bobrovsky with a rebound.
19:47 of 3rd period - Icing by Jordan Greenway.
19:48 of 3rd period - Elias Lindholm wins face-off versus Luke Kunin in SEATTLE Kraken zone.
19:49 of 3rd period - Shot by Artturi Lehkonen.
19:49 of 3rd period - Stopped by Sergei Bobrovsky with a rebound.
19:51 of 3rd period - Shot by Chandler Stephenson.
19:51 of 3rd period - Stopped by Sergei Bobrovsky without a rebound.
19:52 of 3rd period - Matty Beniers wins face-off versus Elias Lindholm in SEATTLE Kraken zone.
Goals for this period are 1 for SEATTLE Kraken vs 1 for ANAHEIM Ducks.
Shots for this period are 6 for SEATTLE Kraken vs 9 for ANAHEIM Ducks. Output by the SimonT Hockey Simulator (STHS) for Martin Benoit - Original Page W3C HTML5 Valid
Hockey Simulator - Hockey Simulation - Hockey Manager